 Dungeon Crawl Stone Soup version 0.28.0-53-g5a82cb258f (webtiles) character file.

Game seed: 1971014901422252046

3234 Brotato the Covert (level 9, 0/94 HPs)
             Began as an Octopode Brigand on June 9, 2022.
             Was an Initiate of Gozag.
             Slain by a water moccasin (2 damage)
             ... on level 8 of the Dungeon.
             The game lasted 00:25:20 (8513 turns).

Brotato the Covert (Octopode Brigand)               Turns: 8513, Time: 00:25:20

Health: 0/94       AC:  1    Str: 12    XL:     9   Next: 98%
Magic:  17/18      EV: 16    Int: 19    God:    Gozag
Gold:   109        SH:  5    Dex: 16    Spells: 8/8 levels left

rFire   + . .      SeeInvis .   p - +10 short sword "Nuqil" {venom, +Blink rN+ Stlth+}
rCold   . . .      Faith    .   (no shield)
rNeg    + . .      Spirit   .   (helmet restricted)
rPois   .          Reflect  +   G - amulet of reflection
rElec   .          Harm     .   d - ring of magical power
rCorr   +          Rampage  .   m - ring of protection from fire
Will    .....                   o - +6 ring of intelligence
Stlth   ..........              H - ring of resist corrosion
HPRegen 0.25/turn               (no ring)
MPRegen 0.16/turn               (no ring)
                                (no ring)
                                (no ring)

@: mighty, berserking, lethally poisoned (0 -> -11), attractive, on blink
cooldown, very quick
A: almost no armour, amphibious, 8 rings, camouflage 1, gelatinous body 1,
(nimble swimmer 1), tentacles
a: Renounce Religion, Evoke Blink, Potion Petition, Call Merchant, Bribe Branch


You were on level 8 of the Dungeon.
You worshipped Gozag.
Gozag was aware of your devotion.
You visited 2 branches of the dungeon, and saw 9 of its levels.

You collected 692 gold pieces.
You spent 500 gold pieces at shops.
You paid 83 gold pieces to Gozag.

Inventory:

Hand Weapons
 a - a +2 dagger
 p - the +10 short sword "Nuqil" (weapon) {venom, +Blink rN+ Stlth+}
   (You found it on level 3 of the Dungeon)

   It poisons the flesh of those it strikes.
   rN:        It protects you from negative energy.
   +Blink:    It lets you blink.
   Stlth:     It makes you more stealthy.
Missiles
 b - 17 poisoned darts (quivered)
 c - 3 curare-tipped darts
 F - a throwing net
Jewellery
 d - a ring of magical power (left tentacle)
 m - a ring of protection from fire (right tentacle)
 o - a +6 ring of intelligence (on tentacle)
 G - an amulet of reflection (around mantle)
 H - a ring of resist corrosion (on tentacle)
Wands
 i - a wand of flame (48)
 k - a wand of polymorph (9)
Scrolls
 e - a scroll of torment {unknown}
 f - 3 scrolls of amnesia {unknown}
 h - 2 scrolls of fear {unknown}
 j - a scroll of blinking {unknown}
 l - 4 scrolls of identify {unknown}
 s - a scroll of fog {unknown}
 u - a scroll of teleportation {unknown}
 v - a scroll of magic mapping {unknown}
 w - 2 scrolls of noise {unknown}
 y - 2 scrolls of vulnerability {unknown}
 C - a scroll of enchant weapon {unknown}
Potions
 g - 2 potions of might
 n - a potion of attraction
 q - a potion of berserk rage
 r - 3 potions of heal wounds {unknown}
 t - 2 potions of curing {unknown}
 x - a potion of cancellation {unknown}
 z - 2 potions of lignification {unknown}
 A - 2 potions of degeneration {unknown}
 B - a potion of flight {unknown}
 D - 2 potions of magic {unknown}
 E - a potion of brilliance {unknown}


   Skills:
 * Level 6.4 Fighting
 * Level 6.5 Short Blades
 + Level 4.7 Throwing
 * Level 6.1 Dodging
 * Level 10.3 Stealth
 + Level 4.0 Evocations


You had 8 spell levels left.
You didn't know any spells.
Your spell library contained the following spells:

 Spells                   Type           Power      Damage    Failure   Level
 Animate Skeleton         Necr           0%         N/A       21%         1
 Apportation              Tloc           0%         N/A       21%         1
 Freeze                   Ice            0%         1d3       21%         1
 Summon Small Mammal      Summ           0%         N/A       21%         1
 Frozen Ramparts          Ice            0%         1d2       52%         3
 Tukima's Dance           Hex            0%         N/A       52%         3
 Anguish                  Hex/Necr       0%         N/A       90%         4
 Hailstorm                Conj/Ice       0%         3d3       90%         4
 Olgreb's Toxic Radiance  Pois           0%         N/A       90%         4
 Enfeeble                 Hex            0%         N/A       100%        7
 Ozocubu's Refrigeration  Ice            0%         4d5       100%        7
 Ignition                 Fire           0%         3d3       100%        8


Dungeon Overview and Level Annotations

Branches:
Dungeon (8/15)             Temple (1/1) D:6
   Lair: D:8-11

Altars:
Ashenzari
Cheibriados
Dithmenos
Elyvilon
Gozag
Hepliaklqana
Kikubaaqudgha
Nemelex Xobeh
Okawaru
Qazlal
Ru
Sif Muna
Trog
Uskayaw
Vehumet
Xom
Yredelemnul
Zin
The Shining One

Shops:
D:3 =

Annotations:
D:7 Pikel


Innate Abilities, Weirdness & Mutations

You cannot wear most types of armour.
You are amphibious.
You can wear up to eight rings at the same time.
Your skin changes colour to match your surroundings (Stealth+).
Your rubbery body absorbs attacks. (AC +1, EV +1)
((You are camouflaged when in or above water. (Stealth+)))
You have tentacles for arms and can constrict up to eight enemies at once.


Message History

You feel very sick. The water moccasin bites you!
You feel very sick.
You feel very sick. The water moccasin bites you.
You are more poisoned.
The water moccasin poisons you!
It was a potion of might.
You feel very mighty all of a sudden.
You feel very sick. The water moccasin misses you.
You hit the water moccasin. Your grab misses the water moccasin.
The water moccasin is moderately wounded.
You feel very sick. The water moccasin bites you.
* * * LOW HITPOINT WARNING * * *
You are lethally poisoned!
The water moccasin poisons you!
It was a potion of attraction.
You feel attractive to monsters.
* * * LOW HITPOINT WARNING * * *
You feel very sick. The water moccasin bites you.
* * * LOW HITPOINT WARNING * * *
The water moccasin completely misses you.
Okay, then.
You blink.
Found a short sword.
* * * LOW HITPOINT WARNING * * *
You feel very sick.
The water moccasin is attracted toward you.
It was a potion of berserk rage.
A red film seems to cover your vision as you go berserk!
You feel yourself moving faster!
You feel mighty!
* * * LOW HITPOINT WARNING * * *
You feel very sick. The water moccasin bites you.
* * * LOW HITPOINT WARNING * * *
The water moccasin bites you.
You die...
Your body crumbles into a pile of gold.

##....### ##.......(...####
#####....# #..............#
.........# ####.....[.###..
.....#### ####.............
##..### ##.........##.....
#.....##
#####.....#.......##..
..K....##......###.#....#.## .
..$$................ยง#..#.>#
..##............@S.#.##.......
..#..K...............###......
..#...........................
$
).#.........><.......<.#......
..#.....K..........#.#........
.....K.............#..##......
..#................##..)..####
..#..............#.# ### .#
.#..#...<.#...... .


You could see a water moccasin.

Vanquished Creatures
  A shadow (D:7)
  Sigmund (D:2)
  2 wyverns (D:7)
  A water moccasin (D:5)
  3 orc warriors
  3 sky beasts
  2 black bears
  3 ogres
  2 phantoms
  A lemure (D:6)
  A kobold brigand (D:8)
  3 bullfrogs
  A scorpion (D:5)
  7 wights
  A bullfrog zombie (D:5)
  2 hounds
  A gnoll shaman (D:4)
  2 orc priests (D:8)
  A jelly (D:6)
  A centaur skeleton (D:7)
  A bullfrog skeleton (D:6)
  2 iguanas
  Natasha (thrice) (D:2)
  An orc wizard (D:6)
  2 killer bee zombies (D:7)
  A hound skeleton (D:4)
  8 gnolls
  2 river rats (D:5)
  7 adders
  2 shadow imps
  4 white imps
  An ufetubus (D:6)
  4 worms
  2 dart slugs (D:1)
  15 orcs
  4 endoplasms
  A giant cockroach (D:5)
  9 goblins
  7 hobgoblins
  9 jackals
  2 quokkas
  7 ball pythons
  4 bats
  4 frilled lizards
  11 kobolds
  10 rats
162 creatures vanquished.

Notes
Turn   | Place    | Note
-------+----------+-------------------------------------------
     0 | D:1      | Brotato the Octopode Brigand began the quest for the Orb.
     0 | D:1      | Reached XP level 1. HP: 14/14 MP: 1/1
   270 | D:1      | Reached XP level 2. HP: 19/19 MP: 2/2
   711 | D:1      | Reached XP level 3. HP: 24/24 MP: 3/3
   947 | D:2      | Noticed Sigmund
   952 | D:2      | Killed Sigmund
   953 | D:2      | Reached skill level 6 in Stealth
   953 | D:2      | Reached XP level 4. HP: 31/31 MP: 4/4
   953 | D:2      | Reached XP level 5. HP: 36/36 MP: 5/5
   983 | D:2      | Noticed Natasha
   993 | D:2      | Killed Natasha
  1071 | D:2      | Noticed Natasha
  1081 | D:2      | Killed Natasha
  1082 | D:2      | Reached XP level 6. HP: 37/42 MP: 6/6
  1127 | D:2      | Found a sparkling altar of Nemelex Xobeh.
  1181 | D:2      | Noticed Natasha
  1194 | D:2      | Killed Natasha
  1441 | D:3      | Identified the +10 short sword "Nuqil" {venom, +Blink rN+
                  | Stlth+}
  1693 | D:3      | Found a faded altar of an unknown god.
  2239 | D:3      | Found Rateah's Jewellery Emporium.
  3025 | D:4      | Reached skill level 7 in Stealth
  3238 | D:4      | Reached XP level 7. HP: 34/47 MP: 7/7
  3251 | D:4      | Reached skill level 1 in Evocations
  3986 | D:5      | Entered Level 5 of the Dungeon
  4237 | D:5      | Reached XP level 8. HP: 48/54 MP: 8/8
  4388 | D:5      | Reached skill level 8 in Stealth
  4425 | D:5      | Found a shimmering altar of Xom.
  4428 | D:5      | Found a sparkling altar of Nemelex Xobeh.
  4428 | D:5      | Found a basalt altar of Yredelemnul.
  4439 | D:5      | Found a white marble altar of Elyvilon.
  4442 | D:5      | Found a broken altar of Ashenzari.
  4862 | D:5      | Identified the +1 leather armour of Defence {rElec rF++ rC-
                  | Int+9}
  5070 | D:6      | Reached skill level 5 in Fighting
  5070 | D:6      | Reached skill level 5 in Short Blades
  5261 | D:6      | Found a staircase to the Ecumenical Temple.
  5276 | Temple   | Entered the Ecumenical Temple
  5322 | Temple   | Became a worshipper of Gozag Ym Sagoz the Greedy
  5363 | D:6      | Reached skill level 9 in Stealth
  5393 | D:6      | Reached XP level 9. HP: 61/61 MP: 9/9
  5459 | D:6      | Reached skill level 5 in Dodging
  6037 | D:7      | Noticed Pikel
  6090 | D:7      | Found a sacrificial altar of Ru.
  7119 | D:7      | Reached skill level 10 in Stealth
  7814 | D:3      | Bought an amulet of reflection for 300 gold pieces
  7819 | D:3      | Bought a ring of resist corrosion for 200 gold pieces
  8513 | D:8      | HP: 3/94 [poisoned by a water moccasin]
  8513 | D:8      | Slain by a water moccasin

Illustrated notes

Levels and vault maps discovered:
D:1:      shiori_arrival_oz, layout_rooms, interstate_on_off
D:2:      minmay_spotlight, layout_basic, basic_altar, minmay_pentomino_w2,
          uniq_natasha, uniq_sigmund
D:3:      layout_loops_ring, serial_shops, shop, ebering_ecumenical_altar_rust,
          minmay_misc_feat_x
D:4:      nicolae_cairo_tiling_large_dashed, layout_gridville,
          grunt_ministairs_3
D:5:      minmay_recursive_quarters, layout_loops_ring,
          minmay_overflow_temple_star_hex, gup_sewer_entry_bubbles
D:6:      layout_loops_cross, minmay_temple_entry_gardened_gates
D:7:      layout_gridville, nicolae_overflow_crystal_walls, uniq_pikel
D:8:      layout_rooms
Temple:   cyrus_circular_temple

Skill      XL: |  1  2  3  4  5  6  7  8  9 |
---------------+----------------------------+-----
Fighting       | 3 4 5 6 |  6.4
Short Blades   | 3 4 5 6 |  6.5
Dodging        | 2 3 4 6 |  6.1
Stealth        | 6 7 9 10 | 10.3
Throwing       | 3 4 |  4.7
Evocations     | 1 2 4 |  4.0

Action                   |  1- 3 |  4- 6 |  7- 9 || total
-------------------------+-------+-------+-------++-------
Melee: Dagger            |    41 |    36 |       ||    77
       Constrict         |    11 |    18 |    40 ||    69
       Tentacles         |     2 |    13 |    40 ||    55
       Short sword       |       |    53 |   195 ||   248
       Punch             |       |     1 |     4 ||     5
Throw: Dart              |       |     7 |     3 ||    10
 Abil: Evoke Blink       |       |       |     1 ||     1
  Use: Potion            |       |       |     3 ||     3
 Stab: Sleeping          |    10 |    15 |    22 ||    47
       Distracted        |       |     2 |     3 ||     5
Armor: Skin              |       |     2 |     7 ||     9
Dodge: Dodged            |    18 |    34 |    97 ||   149
Block: Other             |       |       |     2 ||     2
       Reflection        |       |       |     2 ||     2
